 Dungeon Crawl Stone Soup version 0.32-a0-699-g1ee5eff69a (webtiles) character file.

Game seed: 9387255578859542113

2 ytrimaz the Caller (level 1, 0/14 HPs)
             Began as a Demigod Summoner on Mar 14, 2024.
             Frozen to death by an endoplasm (2 damage)
             ... on level 1 of the Dungeon.
             The game lasted 00:00:15 (75 turns).

ytrimaz the Caller (Demigod Summoner)                 Turns: 75, Time: 00:00:15

Health: 0/14       AC:  2    Str:  9    XL:     1   Next: 26%
Magic:  5/5        EV: 11    Int: 17    God:
Gold:   0          SH:  0    Dex: 14    Spells: 2/3 levels left

rFire   . . .        (no weapon)
rCold   . . .        (no shield)
rNeg    . . .        a - +0 robe
rPois   .            (no helmet)
rElec   .            (no cloak)
rCorr   .            (no gloves)
SInv    .            (no boots)
Will    .....        (no amulet)
Stlth   ++           (no ring)
HPRegen 0.22/turn    (no ring)
MPRegen 0.09/turn

%: no passive effects
@: no status effects
A: high MP 1, forlorn, divine attributes
a: no special abilities


You were on level 1 of the Dungeon.
You visited 1 branch of the dungeon, and saw 1 of its levels.


Innate Abilities, Weirdness & Mutations

You have an increased reservoir of magic. (+10% MP)
You shall have no god before yourself.
Your divine heritage dramatically boosts your attributes as you level up.


   Skills:
 - Level 1.7 Dodging
 - Level 1.7 Stealth
 + Level 1.9 Spellcasting
 + Level 3.6 Summonings


You had 2 spell levels left.
You knew the following spells:

 Your Spells              Type           Power      Damage    Failure   Level
a - Summon Small Mammal   Summ           56%        N/A       4%          1

Your spell library contained the following spells:

 Spells                   Type           Power      Damage    Failure   Level
 Call Imp                 Summ           28%        N/A       7%          2
 Mercury Vapours          Alch/Air       2%         N/A       30%         2
 Call Canine Familiar     Summ           14%        N/A       13%         3
 Mephitic Cloud           Conj/Alch/Air  1%         N/A       52%         3
 Summon Blazeheart Golem  Fire/Summ      7%         N/A       67%         4
 Summon Lightning Spire   Summ/Air       7%         N/A       67%         4
 Freezing Cloud           Conj/Ice/Air   0%         6-21      99%         5

Inventory:

Armour
 a - a +0 robe (worn)
Scrolls
 d - a scroll of blinking {unknown}
Potions
 c - a potion of heal wounds {unknown}

Dungeon Overview and Level Annotations

Branches:
Dungeon (1/15) Zot: 5924

##...#..........#
###............#
###..........#### #
#.............###..
#.............#..
#...............
##.####.###...# #.#
#.###...# #.#
#..##@..# #.#
##..#J.b# ..#
##.....# #.
#.ยงJb.#
#.###.J####
.#.......#
.......).#
........).#
###..>..J..#


You could see 3 endoplasms and 2 friendly bats.


Message History

Your rat bites the quokka but does no damage.
The endoplasm hits your rat.
Your rat dies!
Your rat's corpse disappears in a puff of smoke! ๐Ÿ˜• HP[-3]
You take 3 damage, and now have 11/14 hp.
MASSIVE DAMAGE!! (PAUSE)
You hit the quokka but do no damage.
Your bat closely misses the quokka.
The quokka closely misses you. The endoplasm barely misses your bat.
The quokka bites you.
* * * LOW HITPOINT WARNING * * *
Your bat hits the quokka but does no damage.
The endoplasm closely misses your bat. ๐Ÿ˜จ HP[-4] MP[+1]
You take 4 damage, and now have 7/14 hp.
MASSIVE DAMAGE!! (PAUSE)
Your bat hits the quokka but does no damage. x2 ๐Ÿ˜ฎ HP[+1]
Casting: Summon Small Mammal (safe; 4% risk of failure)
Press: ? - help, Q - select action Dir - look around, f - activate The quokka closely misses you.
Your bat misses the quokka.
The endoplasm misses your bat. ๐Ÿ˜ฎ MP[-1]
You lost 1 mp, and now have 3/5 mp.
Unknown command.
Your bat misses the quokka.
Your bat barely misses the quokka.
Your bat hits the endoplasm. The endoplasm misses your bat.
Your bat misses the quokka.
Casting: Summon Small Mammal (safe; 4% risk of failure)
Press: ? - help, Q - select action Dir - look around, f - activate Your bat disappears in a puff of smoke!
Your bat hits the quokka but does no damage.
The quokka misses your bat.
Your bat hits the endoplasm but does no damage.
The quokka closely misses you. ๐Ÿ˜ฎ MP[-1]
You lost 1 mp, and now have 2/5 mp.
Unknown command.
Your bat barely misses the quokka.
Your quokka bites the endoplasm.
Your bat hits the endoplasm but does no damage.
You barely miss the quokka. The quokka bites you.
* * * LOW HITPOINT WARNING * * *
Your bat hits the endoplasm but does no damage. ๐Ÿ˜จ HP[-2]
You take 2 damage, and now have 6/14 hp.
You hit the quokka. Your bat misses the quokka.
The endoplasm barely misses you.
The quokka bites you but does no damage.
Your quokka closely misses the quokka.
The endoplasm barely misses you.
An endoplasm comes into view.
Your bat hits the endoplasm but does no damage.
Unknown command.
You hit the quokka.
Your bat closely misses the quokka.
Your bat barely misses the quokka.
The endoplasm hits you but does no damage.
The quokka bites you but does no damage.
Your quokka barely misses the quokka.
Your bat completely misses the endoplasm.
The endoplasm freezes you.
You are frozen.
* * * LOW HITPOINT WARNING * * *
๐Ÿ˜จ HP[-2]
You take 2 damage, and now have 4/14 hp.
Your bat hits the quokka but does no damage.
Your bat hits the endoplasm.
The endoplasm attacks as it pursues you!
The endoplasm barely misses you. The quokka closely misses you.
Your quokka bites the quokka.
The quokka dies!
Unknown command.
Magic courses through your body. The endoplasm hits you.
* * * LOW HITPOINT WARNING * * *
Your quokka barely misses the endoplasm.
The endoplasm barely misses you.
Your bat hits the endoplasm but does no damage. ๐Ÿ˜ฑ HP[-2] MP[+3]
You take 2 damage, and now have 2/14 hp.
Your mp is fully restored (5).
Casting: Summon Small Mammal (safe; 4% risk of failure)
Press: ? - help, Q - select action Dir - look around, f - activate Your quokka disappears in a puff of smoke!
Your bat hits the endoplasm. The endoplasm closely misses you.
Your bat hits the endoplasm. ๐Ÿ˜ฑ MP[-1]
You lost 1 mp, and now have 4/5 mp.
Unknown command.
Your bat hits the endoplasm but does no damage.
Your bat barely misses the endoplasm.
The endoplasm freezes your bat.
Your bat is frozen.
The endoplasm attacks as it pursues you!
The endoplasm closely misses you.
Your bat hits the endoplasm but does no damage. ๐Ÿ˜ฑ MP[+1]
Your mp is fully restored (5).
You hit the endoplasm. Your bat hits the endoplasm.
Your bat hits the endoplasm but does no damage.
The endoplasm freezes you.
You are frozen.
You die...

Action                     || total
---------------------------++-------
  Melee: Unarmed           ||     6
   Cast: Summon Small Mamm ||     5
    Use: Potion            ||     1
 Armour: Robe              ||     7
  Dodge: Dodged            ||    12

Levels and vault maps discovered:
D:1:      eino_arrival_cavern_e, layout_rooms, solitary_fountain,
          hangedman_glass_teeth, minmay_distorted

Notes
Turn   | Place    | Note
-------+----------+-------------------------------------------
     0 | D:1      | ytrimaz the Demigod Summoner began the quest for the Orb.
     0 | D:1      | Reached XP level 1. HP: 14/14 MP: 5/5
     0 | D:1      | magus.rc [v1.9.6]
     4 | D:1      | You pick up a book of Vapours and begin reading...
     4 | D:1      | You add the spells Mercury Vapours, Mephitic Cloud and
                  | Freezing Cloud to your library.
    72 | D:1      | HP: 2/14 [endoplasm (3)]
    75 | D:1      | Frozen to death by an endoplasm

Vanquished Creatures (collateral kills)
  A goblin (D:1)
  A quokka (D:1)
2 creatures vanquished.

Table legend:
 A = Non-vault XP
 B = Vault XP
 C = Vault XP percentage of total XP
 D = Non-vault monster count
 E = Vault monster count
 F = Vault count percentage of total count
                 A         B        C        D         E       F
            +---------+---------+-------+---------+---------+-------
      Total |       2 |       2 |  50.0 |       1 |       1 |  50.0
            +---------+---------+-------+---------+---------+-------
        D:1 |       2 |       2 |  50.0 |       1 |       1 |  50.0
            +---------+---------+-------+---------+---------+-------

Action                     || total
---------------------------++-------
  Melee: Unarmed           ||     6
   Cast: Summon Small Mamm ||     5
    Use: Potion            ||     1
 Armour: Robe              ||     7
  Dodge: Dodged            ||    12

Illustrated notes

Table legend:
 A = Kills in this place as a percentage of kills in the entire game.
 B = Kills by you in this place as a percentage of kills by you in the entire game.
 C = Kills by friends in this place as a percentage of kills by friends in the entire game.
 D = Other kills in this place as a percentage of other kills in the entire game.
 E = Experience gained in this place as a percentage of experience gained in the entire game.
 F = Experience gained in this place divided by the number of levels of this place that you have seen.
                   A       B       C       D       E      F
               +-------+-------+-------+-------+-------+----------------------
         Total | 100.0 |   N/A | 100.0 |   N/A | 100.0 |   4.0
       Dungeon | 100.0 |   N/A | 100.0 |   N/A | 100.0 |   4.0
               +-------+-------+-------+-------+-------+----------------------

Table legend: (Time is in decaauts)
 A = Elapsed time spent in this place.
 B = Non-inter-level travel time spent in this place.
 C = Inter-level travel time spent in this place.
 D = Time resting spent in this place.
 E = Time spent auto-exploring this place.
 F = Levels seen in this place.
 G = Mean time per level.
                   A        B        C        D        E       F      G
               +--------+--------+--------+--------+--------+-----+--------+
         Total |     75 |     75 |      0 |      0 |     44 |   1 |   75.0 |
       Dungeon |     75 |     75 |      0 |      0 |     44 |   1 |   75.0 |
               +--------+--------+--------+--------+--------+-----+--------+

Top non-repeatable levels by time:
     D:1: 75 daAuts
